 Dungeon Crawl Stone Soup version 0.26-a0-712-ga5a9c9c9d0 (webtiles) character file.

Game seed: 11928034110434576870

1134 Azzok the Chopper (level 8, -3/62 HPs)
             Began as a Demonspawn Berserker on Nov 8, 2020.
             Was a Priest of Trog.
             Killed by divine providence
             ... invoked by an orc priest
              (11 damage)
             ... on level 5 of the Dungeon.
             The game lasted 00:05:04 (6555 turns).

Azzok the Chopper (Demonspawn Berserker)            Turns: 6555, Time: 00:05:05

Health: -3/62      AC: 14    Str: 20    XL:     8   Next: 14%
Magic:  8/8        EV:  8    Int:  5    God:    Trog [***...]
Gold:   250        SH:  3    Dex: 12    Spells: 7/7 levels left

rFire    . . .     SeeInvis .   a - +0 hand axe
rCold    . . .     Faith    .   x - +0 buckler
rNeg     . . .     Spirit   .   n - +0 chain mail
rPois    .         Reflect  .   (no helmet)
rElec    .         Harm     .   (no cloak)
rCorr    +         Rampage  .   o - +0 pair of gloves
MR       .....                  k - +0 pair of boots
Stlth    ..........             (no amulet)
HPRegen  0.20/turn              b - ring of resist corrosion
MPRegen  0.11/turn              m - -4 ring of intelligence (curse)

@: no status effects
A: talons 1, molten scales 2
a: Berserk, Trog's Hand, Renounce Religion


You were on level 5 of the Dungeon.
You worshipped Trog.
Trog was most pleased with you.
You visited 2 branches of the dungeon, and saw 6 of its levels.

You collected 250 gold pieces.

Inventory:

Hand Weapons
 a - a +0 hand axe (weapon)
Armour
 k - a +0 pair of boots (worn)
 n - a +0 chain mail (worn)
 o - a +0 pair of gloves (worn)
 x - a +0 buckler (worn)
Jewellery
 b - a ring of resist corrosion (left hand)
 m - a cursed -4 ring of intelligence (right hand)
Scrolls
 c - 8 scrolls of identify {unknown}
 d - 2 scrolls of magic mapping {unknown}
 h - a scroll of enchant armour {unknown}
 i - 6 scrolls of teleportation {unknown}
 l - a scroll of amnesia {unknown}
 p - a scroll of blinking {unknown}
 t - 3 scrolls of enchant weapon {unknown}
 y - a scroll of noise {unknown}
Potions
 e - a potion of brilliance {unknown}
 f - a potion of haste {unknown}
 g - 2 potions of curing {unknown}
 j - 2 potions of invisibility {unknown}
 q - a potion of berserk rage {unknown}
 r - a potion of heal wounds
 s - 2 potions of degeneration {unknown}
 u - 3 potions of stabbing {unknown}
 v - a potion of magic {unknown}
 w - a potion of flight {unknown}
 z - a potion of mutation {unknown}
 A - a potion of lignification {unknown}


   Skills:
 + Level 5.2 Fighting
 * Level 6.2 Axes
 + Level 4.2 Armour
 + Level 4.2 Dodging


You had 7 spell levels left.
You didn't know any spells.
Your spell library was empty.

Dungeon Overview and Level Annotations

Branches:
Dungeon (5/15)             Temple (1/1) D:4

Altars:
Gozag
Kikubaaqudgha
Makhleb
Okawaru
Zin


Innate Abilities, Weirdness & Mutations

You have sharp toenails.
You are mostly covered in molten scales. (AC +3)


Message History

The orc priest is almost dead.
You hit the orc.
You kill the orc!
Trog accepts your kill.
The orc priest hits you but does no damage.
You closely miss the orc priest.
The orc priest is almost dead.
The orc priest calls down the wrath of Beogh upon you.
Beogh smites you!
* * * LOW HITPOINT WARNING * * *
You closely miss the orc priest.
The orc priest is almost dead.
The orc priest invokes the aid of Beogh against you.
Beogh smites you!
* * * LOW HITPOINT WARNING * * *
You hit the orc priest but do no damage.
The orc priest is almost dead.
The orc priest calls down the wrath of Beogh upon you.
Beogh smites you!
You die...

▒·······▒············▒▒▒▒▒▒▒·····
▒·······▒▒▒▒'▒▒··················
▒·············▒···········▒▒····▒
▒·············▒···········▒▒····▒
▒·············▒·················▒
▒·············▒▒▒▒▒▒▒▒▒·········▒
▒·····················▒▒▒▒▒▒·····
▒················o······ ▒····▒
▒······▒▒▒▒▒▒▒··@)······ ▒▒▒▒▒▒
▒······▒ ▒··))·····( ▒ ▒······▒
▒·········· ▒ ▒······▒
▒·········· ▒ ▒······▒
▒·········· ▒ ▒▒▒▒▒▒▒▒
▒▒▒▒▒▒▒▒▒▒▒


You could see an orc priest.

Vanquished Creatures
  Sigmund (D:5)
  An ice beast (D:5)
  A phantom (D:4)
  An ogre (D:5)
  A necrophage (D:5)
  A scorpion (D:4)
  A bullfrog zombie (D:5)
  2 orc priests
  6 orc wizards
  2 iguanas (D:5)
  2 worker ants (D:5)
  A hound skeleton (D:5)
  A gnoll (D:2)
  7 adders
  A white imp (D:5)
  3 oozes
  An adder skeleton (D:4)
  A worm (D:3)
  A dart slug (D:1)
  4 leopard geckos
  17 orcs
  5 bats
  5 giant cockroaches
  6 hobgoblins
  12 jackals
  6 quokkas
  A ball python skeleton (D:4)
  7 frilled lizards
  5 goblins
  7 kobolds
  8 rats
118 creatures vanquished.

Notes
Turn   | Place    | Note
-------+----------+-------------------------------------------
     0 | D:1      | Azzok the Demonspawn Berserker began the quest for the Orb.
     0 | D:1      | Reached XP level 1. HP: 18/18 MP: 1/1
   162 | D:1      | Gained mutation: You have sharp toenails. [demonic
                  | ancestry]
   162 | D:1      | Reached XP level 2. HP: 13/24 MP: 2/2
   162 | D:1      | Reached skill level 3 in Axes
   842 | D:2      | Reached ** piety under Trog
   845 | D:2      | Gained mutation: You are partially covered in molten
                  | scales. (AC +2) [demonic ancestry]
   845 | D:2      | Reached XP level 3. HP: 25/29 MP: 3/3
  1291 | D:2      | Found a burning altar of Makhleb.
  1337 | D:2      | Found a glowing silver altar of Zin.
  1422 | D:2      | Found an iron altar of Okawaru.
  1762 | D:2      | Gained mutation: You are mostly covered in molten scales.
                  | (AC +3) [demonic ancestry]
  1762 | D:2      | Reached XP level 4. HP: 30/35 MP: 4/4
  2288 | D:3      | Reached XP level 5. HP: 42/42 MP: 5/5
  2751 | D:3      | Reached skill level 4 in Axes
  3308 | D:4      | Found a staircase to the Ecumenical Temple.
  3334 | D:4      | Noticed a phantom
  3357 | Temple   | Entered the Ecumenical Temple
  3475 | D:4      | Killed a phantom
  3475 | D:4      | Reached XP level 6. HP: 39/48 MP: 6/6
  3596 | D:4      | Found an ancient bone altar of Kikubaaqudgha.
  3596 | D:4      | Found an opulent altar of Gozag.
  3649 | D:4      | Reached *** piety under Trog
  4370 | D:5      | Entered Level 5 of the Dungeon
  4376 | D:5      | Reached skill level 5 in Axes
  4376 | D:5      | Reached XP level 7. HP: 55/55 MP: 7/7
  5697 | D:5      | Reached skill level 5 in Fighting
  6242 | D:5      | Noticed Sigmund
  6254 | D:5      | Killed Sigmund
  6254 | D:5      | Reached skill level 6 in Axes
  6254 | D:5      | Reached XP level 8. HP: 62/62 MP: 8/8
  6555 | D:5      | Killed from afar by an orc priest

Illustrated notes

Levels and vault maps discovered:
D:1:      denvon_arrival_hothouse, layout_rooms
D:2:      layout_basic, lemuel_doored_altar, lemuel_coloured_pillars_altar,
          okawaru_altar_gauntlet_db
D:3:      layout_basic, minmay_statues_item, dk_noncrumbling_3
D:4:      layout_loops_corners, amethyst_overflow_temple_binary,
          minmay_temple_entry_waves
D:5:      layout_gridville, uniq_sigmund
Temple:   hc_temple_tempest_star

Skill      XL: |  1  2  3  4  5  6  7 |
---------------+----------------------+-----
Axes           | 3 4 5 6 |  6.2
Armour         | 2 3 4 |  4.2
Dodging        | 2 3 4 |  4.2
Fighting       | 4 5 |  5.2

Action                   |  1- 3 |  4- 6 |  7- 9 || total
-------------------------+-------+-------+-------++-------
Melee: Hand axe          |    91 |   187 |   186 ||   464
       Kick              |     7 |       |       ||     7
Invok: Berserk           |     1 |     5 |     3 ||     9
Armor: Animal skin       |    20 |       |       ||    20
       Scale mail        |    12 |    20 |       ||    32
       Chain mail        |       |    97 |   112 ||   209
Dodge: Dodged            |    80 |    86 |    60 ||   226
Block: Buckler           |       |       |    22 ||    22

Table legend: (Time is in decaauts)
 A = Elapsed time spent in this place.
 B = Non-inter-level travel time spent in this place.
 C = Inter-level travel time spent in this place.
 D = Time resting spent in this place.
 E = Time spent auto-exploring this place.
 F = Levels seen in this place.
 G = Mean time per level.
                   A        B        C        D        E       F      G
               +--------+--------+--------+--------+--------+-----+--------+
         Total |   6668 |   6553 |    115 |    696 |   4863 |   6 | 1111.3 |
       Dungeon |   6597 |   6482 |    115 |    627 |   4863 |   5 | 1319.4 |
        Temple |     70 |     70 |      0 |     69 |      0 |   1 |   70.0 |
               +--------+--------+--------+--------+--------+-----+--------+

Top non-repeatable levels by time:
     D:5: 2221 daAuts
     D:4: 1311 daAuts
     D:2: 1273 daAuts
     D:3: 1034 daAuts
     D:1: 756 daAuts
  Temple: 70 daAuts
